 Dungeon Crawl Stone Soup version 0.26.1-11-gd32895ea62 (webtiles) character file.

Game seed: 3757559655344303948

114 Arcadio the Grasshopper (level 4, 0/57 HPs)
             Began as a Palentonga Warper on May 18, 2021.
             Slain by a kobold
             ... wielding a +0 club
              (1 damage)
             ... on level 3 of the Dungeon.
             The game lasted 00:06:30 (2552 turns).

Arcadio the Grasshopper (Palentonga Warper)         Turns: 2552, Time: 00:06:30

Health: 0/57       AC: 22    Str: 16    XL:     4   Next: 67%
Magic:  2/7        EV:  1    Int: 13    God:
Gold:   154        SH:  0    Dex:  9    Spells: 2/7 levels left

rFire    . . .     SeeInvis +   v - +2 dagger (freeze)
rCold    . . .     Faith    .   (no shield)
rNeg     + + +     Spirit   .   (armour currently unavailable)
rPois    +         Reflect  .   (helmet currently unavailable)
rElec    .         Harm     .   (cloak currently unavailable)
rCorr    .         Rampage  .   (gloves currently unavailable)
Will     .....     NoTele   +   (no barding)
Stlth    +.........             (no amulet)
HPRegen  0.19/turn              (no ring)
MPRegen  0.10/turn              (no ring)

@: tree-form, attractive, very slightly contaminated
A: large, rugged brown scales 3, see invisible
a: no special abilities


You were on level 3 of the Dungeon.
You were a tree.
You visited 1 branch of the dungeon, and saw 3 of its levels.

You collected 154 gold pieces.

Inventory:

Hand Weapons
 a - a +0 short sword
 f - a +1 short sword of speed
 h - a +1 dagger of venom
 j - a +1 whip of freezing
 k - a +2 long sword of holy wrath
 v - a +2 dagger of freezing (weapon)
Missiles
 e - 5 boomerangs of dispersal
Armour
 b - a +0 leather armour (melded)
 c - a +2 hat (melded)
 g - a +0 cloak
 i - a scarf of harm
Jewellery
 t - an uncursed amulet of magic regeneration {unknown}
Wands
 n - a wand of acid (18)
Scrolls
 d - a scroll of blinking
 l - 2 scrolls of immolation
Potions
 m - a potion of mutation


   Skills:
 - Level 2.0 Fighting
 + Level 3.0 Short Blades
 - Level 0.6 Throwing
 + Level 1.9 Armour
 + Level 2.4 Dodging
 - Level 2.0 Spellcasting
 + Level 3.7 Translocations


You had 2 spell levels left.
You knew the following spells:

 Your Spells              Type           Power        Failure   Level
a - Blink                 Tloc           N/A          9%          2
b - Gell's Gravitas       Tloc           5%           16%         3

Your spell library contained the following spells:

 Spells                   Type           Power        Failure   Level
 Lesser Beckoning         Tloc           5%           16%         3
 Teleport Other           Tloc           11%          16%         3
 Passage of Golubria      Tloc           N/A          47%         4


Dungeon Overview and Level Annotations

Branches:
Dungeon (3/15)

Altars:


Innate Abilities, Weirdness & Mutations

(You are completely covered in rugged brown scales. (AC +3, +7% HP))
You have supernaturally acute eyesight. (SInv)
((Armour fits poorly on your strangely shaped body.))
((You can roll at nearby foes to attack.))
((You have a long armoured tail.))


Message History

The hobgoblin hits you but does no damage.
The orc hits you but does no damage. The goblin is pulled toward you!
You cannot blink because you are held in place by your roots.
As you read the scroll labelled JYIRHI SONGIA, it crumbles to dust.
The scroll dissolves into smoke.
It was a scroll of fog.
The kobold hits you with a +0 short sword.
* * * LOW HITPOINT WARNING * * *
The hobgoblin hits you but does no damage.
The orc hits you with a +0 club.
* * * LOW HITPOINT WARNING * * *
The kobold is pulled toward you! The goblin is pulled toward you!
As you read the scroll labelled UMOTYI YTUY, it crumbles to dust.
You feel aware of your surroundings.
You sensed 1 altar.
It was a scroll of magic mapping.
The kobold hits you but does no damage. x3
As you read the scroll labelled QAANWOUROPS, it crumbles to dust.
You hear a loud clanging noise!
It was a scroll of noise.
The orc hits you but does no damage.
The hobgoblin hits you but does no damage.
The kobold hits you but does no damage. x2; The kobold hits you with a +0 club.
You die...

#,,',,,*,,#..######..#,#.##.#....
#,,*,.#**'#............#.##.#....
####..#.,,#.#(.........#.##'#....
g.....'K,,#.#..........#.....<#..
(.....#,,,#.#..........#......#..
##'#..##**#.#(.........#......#..
#,,#...',,#.#).........#.........
#,,#...#,,#.#..Kog§....#.##'###.#
#,,#...####.#..K♣§§......#.......
##'*#...PPP.#..gK§§......#..#####
K#,,#....................#..# #
K#,,#.K#'##..#########...#..# #
K#*+#..#,,#..# ##..#..# #
(#,,#..#,,#..# #..#..# #
.#,,#.K####..# ##.#..# #
.####........# #....# #
K............# #....# #


You could see an orc, a hobgoblin, a goblin and 3 kobolds.

Vanquished Creatures
  5 adders
  3 dart slugs (D:2)
  4 leopard geckos
  A bat (D:2)
  4 giant cockroaches
  7 goblins
  9 hobgoblins
  12 kobolds
  A quokka (D:3)
  4 frilled lizards (D:2)
  7 rats
57 creatures vanquished.

Vanquished Creatures (others)
  5 plants (D:3)
5 creatures vanquished.

Grand Total: 62 creatures vanquished

Notes
Turn   | Place    | Note
-------+----------+-------------------------------------------
     0 | D:1      | Arcadio the Palentonga Warper began the quest for the Orb.
     0 | D:1      | Reached XP level 1. HP: 18/18 MP: 3/3
    62 | D:1      | Reached skill level 1 in Armour
    87 | D:1      | Reached XP level 2. HP: 22/25 MP: 5/5
   851 | D:2      | Reached XP level 3. HP: 26/31 MP: 6/6
  1373 | D:2      | Learned a level 2 spell: Blink
  1377 | D:2      | Learned a level 3 spell: Gell's Gravitas
  1446 | D:2      | Reached XP level 4. HP: 31/38 MP: 7/7
  2550 | D:3      | HP: 1/57 [orc/+0 club (2)]
  2552 | D:3      | Slain by a kobold

Illustrated notes

Levels and vault maps discovered:
D:1:      dpeg_arrival_short_road, layout_basic
D:2:      layout_loops_ring, kennysheep_generic_room_7
D:3:      corexii_shack_village, layout_basic,
          nicolae_gozag_cash_rules_everything_around_me

Skill      XL: |  1  2  3  4 |
---------------+-------------+-----
Armour         | 1 |  1.9
Dodging        | 2 |  2.4
Short Blades   | 3 |  3.0
Fighting       | |  2.0
Throwing       | |  0.6
Spellcasting   | |  2.0
Translocations | |  3.7

Action                   |  1- 3 |  4- 6 || total
-------------------------+-------+-------++-------
Melee: Short sword       |   148 |    53 ||   201
       Tailslap          |    19 |     4 ||    23
       Dagger            |       |    18 ||    18
 Cast: Blink             |       |     1 ||     1
 Abil: Rolling Charge    |     1 |     2 ||     3
  Use: Scroll            |     5 |     4 ||     9
       Potion            |       |     3 ||     3
Armor: Leather armour    |    47 |    12 ||    59
       Skin              |       |    13 ||    13
Dodge: Dodged            |    46 |    29 ||    75
